 Dungeon Crawl Stone Soup version 0.27-a0-650-g8dd3ea4f36 (webtiles) character file.

Game seed: 1996544758546709173

4 jestyr24 the Bolt Thrower (level 1, 0/12 HPs)
             Began as a Kobold Hunter on Mar 15, 2021.
             Slain by a goblin
             ... wielding a +0 dagger
              (2 damage)
             ... on level 1 of the Dungeon.
             The game lasted 00:01:45 (384 turns).

jestyr24 the Bolt Thrower (Kobold Hunter)            Turns: 384, Time: 00:01:45

Health: 0/12       AC:  3    Str:  9    XL:     1   Next: 77%
Magic:  1/1        EV: 14    Int: 12    God:
Gold:   16         SH:  0    Dex: 15    Spells: 0/0 levels left

rFire    . . .     SeeInvis .   b - +0 short sword
rCold    . . .     Faith    .   (shield restricted)
rNeg     . . .     Spirit   .   c - +0 leather armour
rPois    .         Reflect  .   (no helmet)
rElec    .         Harm     .   (no cloak)
rCorr    .         Rampage  .   (no gloves)
Will     .....                  (no boots)
Stlth    +++.......             (no amulet)
HPRegen  0.04/turn              (no ring)
MPRegen  0.07/turn              (no ring)

@: no status effects
A: small, no large weapons, nightstalker 3
a: no special abilities


You were on level 1 of the Dungeon.
You visited 1 branch of the dungeon, and saw 1 of its levels.

You collected 16 gold pieces.

Inventory:

Hand Weapons
 a - a +1 hand crossbow
 b - a +0 short sword (weapon)
Missiles
 d - 20 bolts
 f - 27 arrows
Armour
 c - a +0 leather armour (worn)
Jewellery
 g - a ring of see invisible
Scrolls
 e - a scroll of random uselessness {unknown}
 h - a scroll of noise {unknown}
Potions
 i - a potion of might {unknown}


   Skills:
 + Level 2.2 Fighting
 + Level 0.3 Short Blades
 + Level 5.0 Crossbows
 + Level 0.3 Armour
 + Level 2.4 Dodging
 + Level 1.3 Stealth


You couldn't memorise any spells.
You didn't know any spells.
Your spell library was empty.

Dungeon Overview and Level Annotations

Branches:
Dungeon (1/15)

Altars:


Innate Abilities, Weirdness & Mutations

You are small and have problems with some larger weapons.
You are completely attuned to the shadows.


Message History

You kill the dart slug!
Your Crossbows skill increases to level 5!
b - a +0 short sword (weapon)
You start resting.
HP restored.
d - 20 bolts (gained 2)
Things that are here:
a +0 club; a hobgoblin skeleton
Found a dagger.
Found an escape hatch in the floor.
There is an escape hatch in the floor here.
You see here a +0 dagger.
Found a robe.
h - a scroll labelled YBUPPO TIASYDD You see here a +0 leather armour.
i - a bubbling yellow potion A rat comes into view.
Found 7 gold pieces.
You closely miss the rat. The rat completely misses you.
You hit the rat.
You kill the rat!
A goblin comes into view. It is wielding a +0 dagger.
You see here 7 gold pieces.
You now have 16 gold pieces (gained 7).
The goblin completely misses you.
You hit the goblin.
The goblin is moderately wounded.
The goblin hits you with a +0 dagger.
You closely miss the goblin. The goblin hits you with a +0 dagger.
You hit the goblin.
The goblin is heavily wounded.
The goblin hits you but does no damage.
You hit the goblin but do no damage.
The goblin is heavily wounded.
The goblin misses you.
You closely miss the goblin.
The goblin is heavily wounded.
The goblin hits you with a +0 dagger.
* * * LOW HITPOINT WARNING * * *
The goblin hits you with a +0 dagger.
You die...

#...รท.#...#.#
#######..##..
.............
.......###### ......
....#..## #
......... ##.## ####
....#.####..# #...
#..g...##.## #.##
#.@#.###..# #.##
##.......## #.##
..........# ##.##
.######.#...####.)##
#.###......... #..
#####.### ####.#
.....### #..#...>


You could see a goblin.

Vanquished Creatures
  A dart slug (D:1)
  A hobgoblin (D:1)
  A rat (D:1)
3 creatures vanquished.

Vanquished Creatures (others)
  2 minotaurs (D:1)
  A draconian (D:1)
  A gargoyle (D:1)
  A vine stalker (D:1)
  A troll (D:1)
  2 vampires (D:1)
  A dwarf (D:1)
  A mummy (D:1)
  An orc (D:1)
  A kobold (D:1)
  9 tentacles (D:1)
21 creatures vanquished.

Grand Total: 24 creatures vanquished

Notes
Turn   | Place    | Note
-------+----------+-------------------------------------------
     0 | D:1      | jestyr24 the Kobold Hunter began the quest for the Orb.
     0 | D:1      | Reached XP level 1. HP: 12/12 MP: 1/1
     0 | D:1      | Noticed a minotaur
     0 | D:1      | Noticed a minotaur
     0 | D:1      | Noticed a vine stalker
     0 | D:1      | Noticed a troll
     1 | D:1      | Noticed a kraken
     4 | D:1      | Killed a minotaur
     9 | D:1      | Killed a minotaur
    10 | D:1      | Killed a troll
    10 | D:1      | Killed a gargoyle
    11 | D:1      | Killed a vine stalker
    11 | D:1      | Killed a vampire
    17 | D:1      | Killed a vampire
    18 | D:1      | Killed a dwarf
    19 | D:1      | Killed a draconian
    50 | D:1      | Reached skill level 5 in Crossbows
   384 | D:1      | Slain by a goblin

Illustrated notes

Levels and vault maps discovered:
D:1:      nicolae_arrival_kraken_aquarium_a, layout_rooms, minmay_statues_item,
          minivault_4

Skill      XL: |  1 |
---------------+----+-----
Crossbows      | 5 |  5.0
Fighting       | |  2.2
Short Blades   | |  0.3
Armour         | |  0.3
Dodging        | |  2.4
Stealth        | |  1.3

Action                   || total
-------------------------++-------
Melee: Short sword       ||    16
 Fire: Hand crossbow     ||     2
Armor: Leather armour    ||     2
Dodge: Dodged            ||     9

Table legend: (Time is in decaauts)
 A = Elapsed time spent in this place.
 B = Non-inter-level travel time spent in this place.
 C = Inter-level travel time spent in this place.
 D = Time resting spent in this place.
 E = Time spent auto-exploring this place.
 F = Levels seen in this place.
 G = Mean time per level.
                   A        B        C        D        E       F      G
               +--------+--------+--------+--------+--------+-----+--------+
         Total |    384 |    384 |      0 |    224 |    106 |   1 |  384.0 |
       Dungeon |    384 |    384 |      0 |    224 |    106 |   1 |  384.0 |
               +--------+--------+--------+--------+--------+-----+--------+

Top non-repeatable levels by time:
     D:1: 384 daAuts
